[Event "*** Titled Tuesday 3|2 Blitz"]
[Site "Chess.com"]
[Date "2016.03.01"]
[Round "3"]
[White "E-Shaposhnikov"]
[Black "Lupul_Cenusiu"]
[Result "0-1"]
[WhiteElo "2484"]
[BlackElo "2483"]
[TimeControl "180+2"]
[EndTime "12:07:11 PST"]
[Termination "Lupul_Cenusiu won by resignation"]

1. Nf3 Nf6 2. c4 d6 3. Nc3 c6 4.
d4 g6 5. Bf4 Bg7 6. h3 Bf5 7.
e3 O-O 8. Bd3 Bxd3 9. Qxd3 Nbd7 10. O-O Re8 11. Bh2 Qa5 12. Rab1 c5 13. Rfe1 Rac8 14. d5 a6 15. Nd2 Qc7 16. e4 Ne5 17. Qc2 g5 18. Bxe5 dxe5 19. Nf1 Rb8 20. a4 Nh5 21. g3 Qa5 22. Ne3 Bf6 23. d6 e6 24. Ng4 Bg7 25. Qd1 Rbd8 26. Nh6+ Bxh6 27. Qxh5 Bg7 28. Qxg5 Rxd6 29. Kg2 h6 30. Qh5 Rd4 31. Qe2 Qb4 32. Na2 Qxa4 33. b3 Qc6 34. Rbd1 Red8 35. Nc3 R8d6 36. Qc2 Qd7 37. Qc1 b5 38. cxb5 axb5 39. Rxd4 cxd4 40. Nb1 Qc6 41. Qxc6 Rxc6 42. Rd1 Bf8 43. Rd3 Rc2 44. Nd2 Bb4 45. Nf3 f6 46. Kf1 Kf7 47. Nh2 Rc3 48. Ke2 Rc2+ 49. Kf1 Rc1+ 50.
Ke2 Re1+ 51. Kf3 f5 52. exf5 e4+ 0-1

[Event "*** Titled Tuesday 3|2 Blitz"]
[Site "Chess.com"]
[Date "2016.03.01"]
[Round "3"]
[White "KNVB"]
[Black "Smirnov_Pavel"]
[Result "1-0"]
[WhiteElo "2364"]
[BlackElo "2499"]
[TimeControl "180+2"]
[EndTime "12:07:26 PST"]
[Termination "KNVB won by resignation"]

1. d4 d5 2. c4 e6 3. Nc3 c6 4. e3 Nf6 5. Nf3 Nbd7 6. Qc2 Bd6 7.
b3 O-O 8. Bb2 Qe7 9. Be2 b6 10.
O-O Bb7 11. Bd3 dxc4 12. bxc4 c5 13. d5 Ne5 14. Nxe5 Bxe5 15. e4 exd5 16. exd5 Qc7 17. h3 a6 18. a4 Rfe8 19. Rfe1 h6 20. Re2 Bd4 21. Rae1 Rxe2 22. Nxe2 Bxb2 23. Qxb2 Re8 24. Rb1 Nd7 25. a5 Ne5 26. axb6 Qd6 27. Qc3 Rb8 28. Bc2 Bc8 29. Ng3 f6 30. Ne4 Qf8 31. Qe3 Nxc4 32. Qxc5 Qxc5 33. Nxc5 Rxb6 34. Rxb6 Nxb6 35. d6 Kf8 36.
Ba4 Nxa4 37. Nxa4 a5 38. Kf1 Kf7 39. Nc5 Ke8 40. Ke1 Bf5 41. Kd2 g5 42. Kc3 h5 43.
Kb3 h4 44. Ka4 g4 45. hxg4 Bxg4 46. Kxa5 f5 47. Kb6 f4 48. f3 Bf5 49. Kc7 h3 50. gxh3 Bxh3 51. d7+ Bxd7 52. Nxd7 Ke7 53. Kc6 Ke6 54. Nb6 Ke5 55. Kc5 Kf5 56. Kd4 Kg5 57.
Ke4 1-0

[Event "*** Titled Tuesday 3|2 Blitz"]
[Site "Chess.com"]
[Date "2016.03.01"]
[Round "3"]
[White "Yaacovn"]
[Black "LuckyTiger"]
[Result "1-0"]
[WhiteElo "2636"]
[BlackElo "2574"]
[TimeControl "180+2"]
[EndTime "12:07:31 PST"]
[Termination "Yaacovn won by resignation"]

1. d4 Nf6 2. Nf3 c5 3. c3 e6 4. Bf4 b6 5. e3 Bb7 6. Nbd2 Be7 7. Bd3 Nh5 8. Bxb8 Rxb8 9. O-O Nf6 10. Qe2 O-O 11. Ba6 Ba8 12. a4 d6 13. b4 Nd5 14.
bxc5 dxc5 15. Rfc1 Qc7 16. Rab1 Rfd8 17. h3 h6 18. Ne5 Bf6 19. Ng4 Be7 20. Ne5 Bf6 21.
Ng4 Be7 22. Bd3 Rbc8 23. Ba6 Rb8 24. Nf3 Nf6 25. Nxf6+ Bxf6 26. Ne1 e5 27. Nf3 Qe7 28. dxe5 Bxe5 29. Bc4 Bf6 30. Qc2 Be4 31. Qb3 Bxb1 32.
Rxb1 Rd6 33. Re1 Rd7 34. e4 Be5 35. g3 Re8 36. Kg2 Qf6 37. Bb5 Red8 38. Bxd7 Rxd7 39. Qc4 Re7 40. Re3 g6 41. h4 Qe6 42. Qd5 Bg7 43. c4 Qc8 44. Rd3 Qe8 45. h5 g5 46. Re3 Qxa4 47. e5 Qd7 48. Qe4 Qb7 49. Qd5 Rd7 50.
Qxb7 Rxb7 51. Nh2 Rd7 52. f4 gxf4 53. gxf4 Rd4 54. Kf3 Rxc4 55. Ra3 a5 56. Ng4 a4 57. f5 b5 58. f6 Bf8 59. Ne3 Rh4 60. Rd3 Rd4 61.
Rc3 c4 62. Rc2 a3 63. Nf5 Rd3+ 64. Ke4 Rh3 65. Rd2 Rxh5 66. Rd8 Rxf5 67. Kxf5 b4 68.
Ra8 c3 69. e6 fxe6+ 70. Kg6 a2 71. f7+ 1-0

[Event "*** Titled Tuesday 3|2 Blitz"]
[Site "Chess.com"]
[Date "2016.03.01"]
[Round "3"]
[White "GrigorGrigorov"]
[Black "ZEN-22"]
[Result "1-0"]
[WhiteElo "2515"]
[BlackElo "2391"]
[TimeControl "180+2"]
[EndTime "12:07:38 PST"]
[Termination "GrigorGrigorov won by resignation"]

1. d4 Nf6 2. Nf3 d6 3. c4 g6 4. g3 b6 5. Bg2 Bb7 6. O-O Bg7 7. Nc3 Ne4 8. Bd2 Nxd2 9. Qxd2 O-O 10. Ne1 Nc6 11.
e3 Rb8 12. Nd3 e5 13. dxe5 dxe5 14. Rfd1 Na5 15. Bxb7 Rxb7 16. Qe2 c6 17. Nc5 Qe7 18. Nxb7 Nxb7 19. Qf3 Rc8 20. Rd2 Nd6 21. Rad1 e4 22.
Qg2 Bxc3 23. Rxd6 Bxb2 24. Qh3 Rf8 25. Rxc6 f5 26. Rcd6 Rf7 27. Qf1 Ba3 28. Rd8+ Kg7 29. R1d5 h5 30. h4 Kh7 31. Qa1 Rg7 32. Qxg7+ Qxg7 33. R5d7 a5 34. Rxg7+ Kxg7 35. Rd5 Kf6 36. Kf1 Bc5 37.
Ke2 Ke6 38. Rd8 Be7 39. Rg8 Kf7 40. Rb8 Bc5 41. Ra8 Ke6 42. Kd1 f4 43. gxf4 Kf5 44.
Rg8 Be7 45. Ke2 Bxh4 46. f3 exf3+ 47. Kxf3 Be7 48. e4+ Kf6 49. e5+ Kf7 50. Rh8 Bc5 51.
Ke4 Kg7 52. Rd8 h4 53. f5 gxf5+ 54. Kxf5 h3 55. Rd7+ Kh6 56. Rd3 Kg7 57. Rxh3 a4 58.
e6 a3 59. Rd3 Kf8 60. Rd7 Ke8 61. Kf6 Bb4 62. Rb7 Bc3+ 63. Kf5 Bd4 64. Ke4 Bc5 65.
Ke5 Kd8 66. Kd5 Ke8 67. Kc6 Kd8 68. Rxb6 Bd4 69. Rb7 Be5 70. e7+ Ke8 71. Kd5 Bf6 72. Ke6 Bxe7 73. Rxe7+ Kd8 74. Kd6 1-0

[Event "*** Titled Tuesday 3|2 Blitz"]
[Site "Chess.com"]
[Date "2016.03.01"]
[Round "3"]
[White "VovAn1991"]
[Black "ftorodent"]
[Result "1-0"]
[WhiteElo "2467"]
[BlackElo "2307"]
[TimeControl "180+2"]
[EndTime "12:08:28 PST"]
[Termination "VovAn1991 won by resignation"]

1. e4 e6 2. d4 d5 3. Nd2 c5 4. Ngf3 Nc6 5. exd5 exd5 6. Bb5 Bd6 7. dxc5 Bxc5 8. Nb3 Bd6 9. Be3 Ne7 10. O-O O-O 11. Qd2 Bg4 12. Nfd4 Ne5 13. h3 Bh5 14. Bg5 Bg6 15.
Rad1 Qb6 16. Be2 Rac8 17. c3 Nc4 18. Qc1 h6 19. Bh4 Rfe8 20. Bg4 Rcd8 21. Rfe1 Ne5 22.
Be2 Rc8 23. Bg3 N7c6 24. Nb5 Nf3+ 25. Bxf3 Bxg3 26. Rxe8+ Rxe8 27. N5d4 Nxd4 28. Nxd4 Bh4 29. Bxd5 Bg5 30. f4 Bh4 31. Kh2 Qc5 32. Bxb7 Qe7 33. Bc6 Rc8 34. Bf3 Bf2 35. Nc6 Qc5 36. Qd2 Be3 37.
Qd5 Bxf4+ 38. Kh1 Qxd5 39. Bxd5 Rc7 40. Re1 Kh7 41. c4 Bd6 42. b4 f6 43. c5 Bg3 44.
Re3 Bf4 45. Rf3 Bd2 46. b5 Bh5 47. Rd3 Bf4 48. Be4+ Kg8 49. g4 Be8 50. Rd8 Kf7 51.
Bd5+ Kf8 52. b6 axb6 53. cxb6 Rb7 54. Nd4 Rxb6 55. Bc6 Rb1+ 56. Kg2 Re1 57. Kf2 Re7 58. Nf5 Re6 59. Rxe8+ Rxe8 60. Bxe8 Kxe8 61. Nxg7+ Kf7 62. Nf5 Bd2 63. h4 h5 64. gxh5 Kg8 65. Kf3 Kf7 66. Kg4 Be1 67. a4 Bb4 68. h6 Kg6 69. h5+ Kh7 70. Kf4 Ba5 71. Ke4 1-0

[Event "*** Titled Tuesday 3|2 Blitz"]
[Site "Chess.com"]
[Date "2016.03.01"]
[Round "3"]
[White "GianmarcoVaR"]
[Black "PowerThinking2650"]
[Result "0-1"]
[WhiteElo "2316"]
[BlackElo "2146"]
[TimeControl "180+2"]
[EndTime "12:08:28 PST"]
[Termination "PowerThinking2650 won by resignation"]

1. d4 Nf6 2. Nf3 g6 3. Bg5 Bg7 4. Nbd2 d5 5. e3 O-O 6. Be2 Nbd7 7.
c3 Re8 8. O-O e5 9. Bh4 e4 10.
Ne1 c6 11. c4 Nf8 12. Rc1 h5 13. b4 N8h7 14. Bg3 Bg4 15. b5 Rc8 16. bxc6 bxc6 17. Nb3 g5 18. h3 Bxe2 19. Qxe2 h4 20. Bh2 Qd7 21. Nc5 Qf5 22. f3 exf3 23. Qxf3 Qxf3 24. Rxf3 g4 25. hxg4 Nxg4 26. Bf4 Nxe3 27. Bxe3 Rxe3 28. Rxe3 Bxd4 29. Nc2 Bxc5 30. Kh2 Bxe3 31. Nxe3 Re8 32. Nf5 Re5 33. Nxh4 d4 34. Nf3 Re4 35. c5 Nf6 36. Rc4 Nd7 37. Nxd4 Ne5 38. Ra4 Nd3 39. Rc4 Kh7 40.
Kg3 Kg6 41. Kf3 f5 42. Ra4 Nxc5 43. Rc4 Ne6 44. Rxc6 Rxd4 45. Rxe6+ Kg5 46. Ra6 Rd3+ 47. Kf2 Rd7 48. Kf3 Rc7 49. Ra3 Rd7 50. Ra5 Rd3+ 51. Kf2 Rd7 52. Kf3 Rc7 53. a4 Rc3+ 54. Kf2 Kf4 55.
Rxa7 Rc2+ 56. Kg1 Kg3 57. Rg7+ Kf4 58. Kh2 Ra2 59. Rh7 Kg4 60. Rg7+ Kh5 61. Ra7 Kg4 62. a5 f4 63. Rg7+ Kf5 64. Rh7 Kg6 65. Ra7 f3 66. a6 f2 0-1

[Event "*** Titled Tuesday 3|2 Blitz"]
[Site "Chess.com"]
[Date "2016.03.01"]
[Round "3"]
[White "bugsbunny444"]
[Black "MattyDPerrine"]
[Result "1/2-1/2"]
[WhiteElo "2447"]
[BlackElo "2236"]
[TimeControl "180+2"]
[EndTime "12:09:26 PST"]
[Termination "Game drawn - insufficient material"]

1. Nf3 c5 2. c4 Nf6 3. g3 b6 4. Bg2 Bb7 5. O-O e6 6. b3 Be7 7. Bb2 O-O 8. Nc3 Na6 9. e3 d5 10.
cxd5 Nxd5 11. Nxd5 Bxd5 12. Qe2 Nb4 13. Rfd1 Bb7 14. d4 Qc7 15. a3 Ba6 16. Qd2 Nd3 17.
Bc3 Rad8 18. Bf1 cxd4 19. Bxd4 Bb7 20. Bg2 Nc5 21. Rac1 Qb8 22. Qb2 f6 23. b4 Ne4 24.
Qb1 e5 25. Ba1 Qa8 26. Qb3+ Kh8 27. Qe6 Rde8 28. Qd7 Nd6 29. Ne1 Bxg2 30. Nxg2 Qd8 31. Qxa7 Qa8 32. Qxb6 Rb8 33. Qc6 Qxa3 34. Rb1 Rxb4 35.
Rxb4 Qxb4 36. Rc1 h6 37. Qd5 Nb5 38. Qe6 Qd6 39. Qb3 Nc7 40. Bb2 Rd8 41. Ne1 Qe6 42.
Qc2 Bd6 43. Qc6 Qe7 44. Nf3 Ne6 45. Nh4 Qf7 46. Nf5 Bf8 47. Qc4 g6 48. Nh4 Kg7 49. f4 exf4 50. gxf4 Kh7 51. f5 gxf5 52. Nxf5 Qg6+ 53. Ng3 Rd6 54. Qc2 Ng5 55. Qxg6+ Kxg6 56. Rc2 Rd1+ 57. Kg2 h5 58. Bd4 h4 59. Ne2 Bd6 60.
h3 Kf5 61. Ra2 Ne4 62. Ra5+ Kg6 63. Ra2 Rb1 64. Nc3 Nxc3 65. Bxc3 Rb3 66. Bd4 Kf5 67. Ra5+ Be5 68. Kf3 Rd3 69. Bxe5 fxe5 70. Ra4 Kg5 71.
Rg4+ Kh5 72. Ke4 Rd1 73. Kxe5 Rh1 74. Rg8 Rxh3 75. e4 Rf3 76. Kd6 h3 77. e5 Kh4 78.
e6 h2 79. e7 Re3 80. e8=Q Rxe8 81. Rxe8 Kg3 82. Rh8 Kg2 83. Ke5 h1=Q 84. Rxh1 Kxh1 1/2-1/2

[Event "*** Titled Tuesday 3|2 Blitz"]
[Site "Chess.com"]
[Date "2016.03.01"]
[Round "3"]
[White "MITerryble"]
[Black "VSERGUEI"]
[Result "1/2-1/2"]
[WhiteElo "2619"]
[BlackElo "2470"]
[TimeControl "180+2"]
[EndTime "12:10:42 PST"]
[Termination "Game drawn by repetition"]

1. d4 d5 2. Nf3 Nf6 3. c4 c6 4.
e3 Bf5 5. Nc3 e6 6. Nh4 Bg6 7. Qb3 Qb6 8. Nxg6 hxg6 9. Qc2 Nbd7 10. g3 Be7 11. a3 Rc8 12. c5 Qc7 13. f4 b6 14. b4 a5 15. Rb1 axb4 16. axb4 Ra8 17.
Bg2 O-O 18. Bd2 b5 19. Bf3 Ra3 20. h4 Rfa8 21. Kf2 R8a6 22. g4 Ne4+ 23. Bxe4 dxe4 24. g5 f5 25. gxf6 Nxf6 26. Nxe4 Ra2 27. Nxf6+ Bxf6 28. Rb2 Rxb2 29. Qxb2 Qd7 30. Qb3 Qd5 31. Qxd5 exd5 32. Ke2 Ra2 33. Kd3 Ra3+ 34. Bc3 Kh7 35.
Kc2 Kh6 36. Kb2 Ra8 37. Rg1 Kh5 38. Be1 Re8 39. Bf2 Bxd4+ 40. exd4 Re2+ 41. Kc3 Rxf2 42. Rg5+ Kh6 43. Re5 Rf3+ 44. Kd2 Rxf4 45. Ke3 Rxh4 46. Re6 Rh3+ 47. Kd2 Rb3 48. Rxc6 Rxb4 49. Kc3 Rc4+ 50.
Kd3 b4 51. Rd6 Rc3+ 52. Kd2 Rc4 53. Kd3 Rc3+ 54. Kd2 Kg5 55. Rxd5+ Kf4 56. Re5 g5 57. Re1 g4 58. Rb1 g3 59. Rxb4 g2 60. Rb1 Rf3 61. Rg1 Kg3 62. c6 Rf1 63. Rxg2+ Kxg2 64. c7 Rf8 65. d5 Rc8 66. d6 g5 67. d7 Rxc7 68. d8=Q Rc5 69. Qd6 Rf5 70. Ke3 g4 71. Qd2+ Kh3 72.
Ke4 Rf3 73. Qh6+ Kg2 74. Qh5 Kg3 75. Qe5+ Kg2 76. Qb2+ Kg3 77. Qc1 Kg2 78. Qd2+ Kg3 79. Qe1+ Kg2 80. Qe2+ Kg3 81. Ke5 Rf2 82. Qe1 Kg2 83.
Qe4+ Kg3 84. Qg6 Rf3 85. Ke4 Rf2 86. Ke3 Rf3+ 87. Ke2 Rf2+ 88. Ke1 Rf3 89. Qg5 Kh3 90. Qh5+ Kg3 91. Qh1 Rf4 92. Qg1+ Kh3 93. Qe3+ Rf3 94. Qe5 Kg2 95. Ke2 Rf2+ 96. Ke3 g3 97. Qd5+ Kh2 98. Qh5+ Kg2 99. Qd5+ Kh2 100. Qg5 Kg2 101. Qg4 Kh2 102. Qh4+ Kg2 103. Qe4+ Kh2 104. Qa8 Kg1 105. Qa1+ Kg2 106.
Qd1 Kh2 107. Qg4 Kg2 108. Qh4 Rf3+ 109. Ke2 Rf2+ 110. Ke1 Rf1+ 111. Ke2 Rf2+ 112. Ke3 Rf3+ 113. Ke4 Rf2 114. Ke3 Rf3+ 1/2-1/2

[Event "*** Titled Tuesday 3|2 Blitz"]
[Site "Chess.com"]
[Date "2016.03.01"]
[Round "3"]
[White "maciek_92"]
[Black "Danirod"]
[Result "1/2-1/2"]
[WhiteElo "2415"]
[BlackElo "2398"]
[TimeControl "180+2"]
[EndTime "12:12:47 PST"]
[Termination "Game drawn by agreement"]

1. c4 c5 2. Nf3 Nc6 3. g3 g6 4. Bg2 Nh6 5. O-O Nf5 6. e3 Bg7 7. Nc3 e6 8. d3 O-O 9. Ne1 b6 10. Nc2 Bb7 11. Rb1 Rc8 12. Bd2 Qc7 13. Qe2 Rfd8 14. b4 cxb4 15. Nxb4 Nxb4 16. Rxb4 Bxg2 17. Kxg2 d5 18. Qf3 Qe7 19. Rfb1 dxc4 20. d4 Qd7 21. a4 Ne7 22. Rb5 Qc6 23. a5 Qxf3+ 24.
Kxf3 bxa5 25. Rxa5 Rc7 26. Nb5 Rb7 27. Rxa7 Rdb8 28. Rxb7 Rxb7 29. Nc3 Rxb1 30. Nxb1 f5 31. Na3 Nd5 32. Nxc4 Kf7 33. Ke2 Bf8 34. f3 h5 35.
e4 fxe4 36. fxe4 Nf6 37. Ne5+ Kg7 38. Kf3 Bd6 39. Bf4 Ba3 40. Nc4 Bb4 41. Be5 Kf7 42. h3 Nd7 43. Bf4 Bc3 44. Ne5+ Nxe5+ 45. Bxe5 Bb2 46. Ke3 Bc3 47. Kd3 Be1 48. Kc4 Ke7 49. Kc5 Kd7 50. g4 hxg4 51. hxg4 Bc3 52. Bf4 Be1 53. Kc4 Kc6 54. Be3 Bg3 55. Kd3 Bc7 56. Kc4 Bg3 57. Bd2 Bf2 58. Bb4 Bg1 59. Be7 Bf2 60. Bf8 Bg1 61. Bg7 Bf2 62. Kd3 Bg3 63. Ke3 Bh2 64. Bh6 Bg1+ 65. Kd3 Bh2 66. Be3 Bg3 67.
Ke2 Bc7 68. Kf3 Bb8 69. Bf4 Ba7 70. Be5 Kd7 71. Kf4 Ke7 72. Kg5 Kf7 73. Kh6 Bb6 74. Kh7 Bd8 75. Bg7 Bb6 76. Be5 Bd8 77. d5 exd5 78.
exd5 Bg5 79. Bd6 Bd8 80. Kh6 Ba5 81. Bf4 Bc3 82. Be3 Be5 83. Kg5 Bf6+ 84. Kf4 Ke7 85. Bc5+ Kd7 86. Ke4 Bg7 87. Bd4 Bh6 88. Bc3 Kd6 89.
Bb4+ Kd7 90. Bc5 Bc1 91. Ke5 Bg5 92. Bf8 Bd8 93. Bg7 Bh4 94. Bf8 Bd8 95. Bc5 Bh4 96. Bb4 Bd8 97. Bd2 Be7 98. Be3 Bd8 99. Bh6 Be7 100. Bg7 Bh4 101. Bf6 Bg3+ 102. Ke4 Kd6 103. Bd4 Kd7 104. Bf6 Kd6 105. Bg5 Kd7 106. Bf4 Bh4 107. g5 Be1 108. Be5 Bd2 109. Bf4 Bc3 110. Be3 Kd6 111. Bd4 Bd2 112. Be5+ Kd7 113. Bf6 Kd6 114. Kd4 Bc1 115. Ke4 Bd2 116. Be5+ Kd7 117. Bf4 Bc3 118. Kd3 Bb2 119. Kc2 Bd4 120. Kb3 Bf2 121. Kc4 Bg1 122. Kd3 Bf2 123. Bd2 Kd6 124. Ke4 Bg3 125. Bc3 Bh2 126. Bb4+ Kd7 127. Ba3 Bg3 128. Bb2 Kd6 129. Bf6 Bh2 130. Bd8 Kd7 131. Bb6 Kd6 132. Ba7 Kd7 133. Be3 Bg3 134. Bf4 Be1 135. Kd4 Ba5 136. Ke4 1/2-1/2

[Event "*** Titled Tuesday 3|2 Blitz"]
[Site "Chess.com"]
[Date "2016.03.01"]
[Round "4"]
[White "JustKid"]
[Black "E-Shaposhnikov"]
[Result "0-1"]
[WhiteElo "2127"]
[BlackElo "2487"]
[TimeControl "180+2"]
[EndTime "12:15:57 PST"]
[Termination "E-Shaposhnikov won by resignation"]

1. d4 Nf6 2. c4 e6 3. Nf3 b6 4. g3 Ba6 5. Nbd2 d5 6. Qc2 c5 7.
Bg2 Nc6 8. Qa4 Bb7 9. Ne5 Rc8 10. O-O Bd6 11. Ndf3 O-O 12. Bg5 cxd4 13. cxd5 Nxe5 0-1

[Event "*** Titled Tuesday 3|2 Blitz"]
[Site "Chess.com"]
[Date "2016.03.01"]
[Round "4"]
[White "Iwannabetheguy"]
[Black "punkmonkZ"]
[Result "0-1"]
[WhiteElo "2019"]
[BlackElo "1961"]
[TimeControl "180+2"]
[EndTime "12:17:28 PST"]
[Termination "punkmonkZ won by checkmate"]

1. e4 e5 2. Nf3 Nc6 3. Bc4 Nf6 4. d4 exd4 5. e5 d5 6. Bb5 Ne4 7. Nxd4 Bd7 8. Bxc6 bxc6 9. O-O Bc5 10. Nb3 Bb6 11. N1d2 Bf5 12. Nxe4 Bxe4 13. Be3 O-O 14. Nc5 Bxc5 15.
Bxc5 Re8 16. f4 f5 17. c3 Re6 18.
b4 a5 19. a3 axb4 20. axb4 Rg6 21. g3 h6 22. Rxa8 Qxa8 23. Qa1 Qb8 24. Qa7 Qb5 25. Qa2 Qd3 26. Bd4 Rxg3+ 27. hxg3 Qxg3+ 28. Qg2 Qxg2# 0-1

[Event "*** Titled Tuesday 3|2 Blitz"]
[Site "Chess.com"]
[Date "2016.03.01"]
[Round "4"]
[White "jup1978"]
[Black "Abdodi"]
[Result "0-1"]
[WhiteElo "2245"]
[BlackElo "1925"]
[TimeControl "180+2"]
[EndTime "12:17:30 PST"]
[Termination "Abdodi won by resignation"]

1. e4 c6 2. d4 d5 3. Nd2 dxe4 4.
Nxe4 Bf5 5. Ng3 Bg6 6. N1e2 Nd7 7. Nf4 Ngf6 8. Bc4 e6 9. c3 Nd5 10. Nxg6 hxg6 11. Qf3 N7f6 12. Bg5 Be7 13. Bb3 Qc7 14. Bc2 O-O-O 15. a4 Qd6 16. O-O Nh5 17. Rfe1 Bxg5 18. Ne4 Qe7 19. a5 Bf6 20. a6 b6 21. c4 Nb4 22.
Ba4 Bxd4 23. Qb3 Nf6 24. Nxf6 gxf6 25. c5 Bxc5 26. Re2 Qd6 27. g3 Rh5 28. Rc1 Rd5 29.
Qf3 Rd1+ 30. Rxd1 Qxd1+ 31. Kg2 Qd5 32. Qxd5 0-1

[Event "*** Titled Tuesday 3|2 Blitz"]
[Site "Chess.com"]
[Date "2016.03.01"]
[Round "4"]
[White "Drags95"]
[Black "GeorgMeier"]
[Result "0-1"]
[WhiteElo "2259"]
[BlackElo "2748"]
[TimeControl "180+2"]
[EndTime "12:17:31 PST"]
[Termination "GeorgMeier won on time"]

1. d4 e6 2. c4 Nf6 3. Nf3 d5 4. Nc3 dxc4 5. e3 a6 6. Bxc4 b5 7. Bb3 Bb7 8. O-O Nbd7 9. Qe2 c5 10. Rd1 Qc7 11. e4 cxd4 0-1

[Event "*** Titled Tuesday 3|2 Blitz"]
[Site "Chess.com"]
[Date "2016.03.01"]
[Round "4"]
[White "Cecile_Haussernot"]
[Black "Saitama_Hero"]
[Result "0-1"]
[WhiteElo "2168"]
[BlackElo "2091"]
[TimeControl "180+2"]
[EndTime "12:18:42 PST"]
[Termination "Saitama_Hero won by resignation"]

1. e4 c5 2. Nf3 g6 3. d4 cxd4 4. Nxd4 Bg7 5. Nc3 Nc6 6. Be3 Nf6 7. f3 O-O 8. Be2 d5 9. O-O dxe4 10. fxe4 Qb6 11.
Nf5 Qxb2 12. Qd2 gxf5 13. exf5 Rd8 14. Qe1 Qxc2 15. Rc1 Qb2 16. Qg3 Kh8 17. h4 Rg8 18.
h5 Bh6 19. Qf2 Bxe3 20. Qxe3 Qb6 21. Qxb6 axb6 22. a4 Nd4 23. Bd3 Bd7 24. Rf4 Nb3 25. Rb1 Nc5 26. Bc4 Bc6 27. Rb2 Rg3 28. Ne2 Rxg2+ 29. Kf1 Rxa4 30. Bb5 Ra1+ 0-1

[Event "*** Titled Tuesday 3|2 Blitz"]
[Site "Chess.com"]
[Date "2016.03.01"]
[Round "4"]
[White "lionheart95"]
[Black "FrankieJay"]
[Result "1-0"]
[WhiteElo "2351"]
[BlackElo "2200"]
[TimeControl "180+2"]
[EndTime "12:19:07 PST"]
[Termination "lionheart95 won by resignation"]

1. e4 c6 2. d4 d5 3. e5 Bf5 4.
h4 Qc7 5. g4 Bd7 6. Be3 c5 7.
c3 Nc6 8. g5 Bf5 9. Nd2 e6 10. h5 h6 11. f4 cxd4 12. Bxd4 a6 13. Ngf3 Nge7 14. Be2 Be4 15. Nxe4 dxe4 16. Nd2 Nxd4 17.
cxd4 Nd5 18. Nxe4 Nxf4 19. Qa4+ Kd8 20. g6 fxg6 21. hxg6 Rc8 22. Ng5 Nxe2 23. Nxe6+ 1-0

[Event "*** Titled Tuesday 3|2 Blitz"]
[Site "Chess.com"]
[Date "2016.03.01"]
[Round "4"]
[White "VSERGUEI"]
[Black "ChessTrener"]
[Result "0-1"]
[WhiteElo "2460"]
[BlackElo "2573"]
[TimeControl "180+2"]
[EndTime "12:19:41 PST"]
[Termination "ChessTrener won on time"]

1. d4 Nf6 2. c4 c5 3. d5 b5 4. Nf3 Bb7 5. a4 bxc4 6. Nc3 d6 7.
e4 g6 8. Bxc4 Nbd7 9. Bb5 a6 10.
Bc6 Qc7 11. Bxb7 Qxb7 12. O-O Bg7 13. a5 O-O 14. Re1 Ng4 15. Ng5 Nge5 16. Qe2 c4 17.
Be3 Nd3 18. Reb1 Rab8 19. Nd1 Rfc8 20. h4 h5 21. g4 Nf6 22. gxh5 Nxh5 23. Qf3 Rf8 24.
Bb6 Ne5 25. Qe3 Qc8 26. f4 Qg4+ 27. Kf2 Nd3+ 28. Kf1 Ng3+ 29. Kg2 Nf5+ 0-1

[Event "*** Titled Tuesday 3|2 Blitz"]
[Site "Chess.com"]
[Date "2016.03.01"]
[Round "4"]
[White "Mischuk_D"]
[Black "Blitzstream"]
[Result "1/2-1/2"]
[WhiteElo "2530"]
[BlackElo "2454"]
[TimeControl "180+2"]
[EndTime "12:19:47 PST"]
[Termination "Game drawn by repetition"]

1. e4 d5 2. exd5 Qxd5 3. Nc3 Qa5 4. Nf3 Nf6 5. Rb1 Bg4 6. b4 Qh5 7. Be2 e6 8. h3 Bd6 9. Nb5 Nc6 10. Nxd6+ cxd6 11. O-O Bxf3 12. Bxf3 Qg6 13. b5 Nd8 14. Ba3 d5 15. d3 Nd7 16. c4 d4 17. Be4 f5 18. Bf3 Kf7 19. Re1 Re8 20. c5 Rc8 21.
Rc1 Qf6 22. Qa4 Ne5 23. Be2 f4 24. f3 a6 25. bxa6 bxa6 26. Qxa6 Ndc6 27. Qa4 Ra8 28. Qb3 Reb8 29. Qc2 Rxa3 30. Rb1 Rc3 31. Qd2 Rxb1 32.
Rxb1 Kg6 33. Ra1 Ra3 34. Qb2 Rc3 35. a4 Rxc5 36. Rc1 Rxc1+ 37. Qxc1 Qe7 38. Qxf4 Qg5 39. Qe4+ Qf5 40. Qh4 Qg5 41. Qe4+ Qf5 42. Qh4 Qg5 43. Qe4+ Qf5 44. Qh4 1/2-1/2

[Event "*** Titled Tuesday 3|2 Blitz"]
[Site "Chess.com"]
[Date "2016.03.01"]
[Round "4"]
[White "chorejason"]
[Black "evgenyermolaev"]
[Result "0-1"]
[WhiteElo "2088"]
[BlackElo "2055"]
[TimeControl "180+2"]
[EndTime "12:20:20 PST"]
[Termination "evgenyermolaev won by resignation"]

1. e4 c5 2. Nf3 d6 3. d4 cxd4 4.
Nxd4 Nf6 5. Nc3 a6 6. Bc4 e6 7. O-O Be7 8. Bb3 O-O 9. f4 Nbd7 10. Be3 Qc7 11. Bxe6 fxe6 12. Nxe6 Qc6 13. Nd5 Bd8 14. Nxd8 Qa4 15. Ne6 Qxe4 16. Nxf8 Nxd5 17. Bd4 Nxf8 18. Re1 Qf5 19. Re8 Nc7 20. Re7 Nce6 21. Bc3 Qc5+ 22. Kh1 d5 23. Re8 Kf7 24. Qh5+ g6 25. Rxf8+ Nxf8 26. Qh6 d4 27. Bd2 Qh5 28. Qxh5 gxh5 29. Rd1 Bf5 30. c3 Rd8 31. Be1 dxc3 32. Rxd8 cxb2 33. Rd1 Bc2 34. Rb1 Bxb1 0-1

[Event "*** Titled Tuesday 3|2 Blitz"]
[Site "Chess.com"]
[Date "2016.03.01"]
[Round "4"]
[White "kikydu96"]
[Black "Tirantes"]
[Result "1-0"]
[WhiteElo "2282"]
[BlackElo "2183"]
[TimeControl "180+2"]
[EndTime "12:20:38 PST"]
[Termination "kikydu96 won on time"]

1. e4 e5 2. Nf3 Nc6 3. d4 exd4 4. Nxd4 Bb4+ 5. c3 Bc5 6. Be3 Bb6 7. Nf5 g6 8. Bxb6 axb6 9. Ne3 Nf6 10. Nd2 Qe7 11. Bd3 d5 12. Qc2 O-O 13. O-O dxe4 14. Nxe4 Ne5 15. Nxf6+ Qxf6 16. Be4 c6 17. Rfe1 Be6 18.
a3 b5 19. Rad1 Rad8 20. a4 bxa4 21. Qxa4 Qh4 22. Qb4 b5 23. g3 Qf6 24. Ng2 Nf3+ 25. Bxf3 Qxf3 26. Rxd8 Rxd8 27. Nf4 Rd2 28. Qc5 Bc4 29.
Re8+ Kg7 30. Qf8+ Kf6 31. Qh8+ Kg5 32. Re5+ f5 33. Qd8+ Kh6 34. Qh4+ Kg7 35. Re7+ Kg8 36. Qxh7+ 1-0

[Event "*** Titled Tuesday 3|2 Blitz"]
[Site "Chess.com"]
[Date "2016.03.01"]
[Round "4"]
[White "Lupul_Cenusiu"]
[Black "Danirod"]
[Result "0-1"]
[WhiteElo "2473"]
[BlackElo "2408"]
[TimeControl "180+2"]
[EndTime "12:20:43 PST"]
[Termination "Danirod won by resignation"]

1. d4 Nf6 2. Nf3 e6 3. c4 Bb4+ 4. Nbd2 d5 5. a3 Be7 6. Qc2 O-O 7. e3 Nbd7 8. b3 c5 9. Bb2 b6 10. dxc5 Nxc5 11. Be2 Bb7 12. O-O Rc8 13. Rfd1 Nce4 14. Nxe4 Nxe4 15. Bd3 f5 16. Qe2 Bf6 17. Nd4 Qe7 18.
a4 g6 19. Ba3 Nc5 20. a5 Rfe8 21. Nb5 Bxa1 22. Rxa1 a6 23. Na7 Ra8 24. axb6 Qd6 25. cxd5 Qxd5 26. Qf1 Nxd3 27. Rd1 Qxb3 28. Rxd3 Qxb6 29.
Rd7 Rxa7 30. Qa1 e5 31. Qa2+ Kh8 32. Rxh7+ Kxh7 33. Qf7+ Kh6 34. Bf8+ Rxf8 35. Qxf8+ Kh5 36. Qh8+ Kg5 37. h4+ Kg4 38. Kh2 Bxg2 39. Kxg2 Qc6+ 40. Kh2 Qf3 41. Qxe5 Qxf2+ 42. Kh1 Qf1+ 43. Kh2 Qh3+ 44. Kg1 Qg3+ 0-1

[Event "*** Titled Tuesday 3|2 Blitz"]
[Site "Chess.com"]
[Date "2016.03.01"]
[Round "4"]
[White "SabinoBrunello"]
[Black "VerdeNotte"]
[Result "0-1"]
[WhiteElo "2507"]
[BlackElo "2554"]
[TimeControl "180+2"]
[EndTime "12:20:45 PST"]
[Termination "VerdeNotte won by resignation"]

1. d4 g6 2. Bf4 Bg7 3. c3 d6 4. e4 e5 5. Be3 Nf6 6. Bd3 Ng4 7. Bc1 exd4 8. cxd4 Nc6 9. h3 Nxf2 10.
Kxf2 Bxd4+ 11. Kf1 f5 12. Nf3 fxe4 13. Bxe4 d5 14. Bxg6+ hxg6 15. Nxd4 Qf6+ 16. Nf3 Bf5 17. Nc3 O-O-O 18. Bg5 Qd6 19. Bxd8 Rxd8 20. Nb5 Qb4 21. Nbd4 Ne7 22. Qd2 Qb6 23. Rc1 Be4 24. Qc3 c6 25.
Qc5 Qxb2 26. Kg1 Rf8 27. Kh2 Rxf3 28. Nxf3 Bxf3 29. Rc2 Qe5+ 30. g3 Bxh1 31. Kxh1 Nf5 32. Qf8+ Kc7 33. Qf7+ Kb6 34. Qxg6 Qe4+ 0-1

[Event "*** Titled Tuesday 3|2 Blitz"]
[Site "Chess.com"]
[Date "2016.03.01"]
[Round "4"]
[White "KamilPlichta"]
[Black "MattyDPerrine"]
[Result "0-1"]
[WhiteElo "2413"]
[BlackElo "2258"]
[TimeControl "180+2"]
[EndTime "12:21:01 PST"]
[Termination "MattyDPerrine won by checkmate"]

1. g3 c5 2. Bg2 Nc6 3. c4 g6 4.
Nf3 Bg7 5. Nc3 e6 6. O-O Nge7 7. b3 d5 8. Bb2 O-O 9. cxd5 exd5 10. d3 b6 11. e3 Ba6 12. Re1 Nb4 13. Bf1 Rc8 14. d4 c4 15. a3 Nbc6 16. bxc4 dxc4 17. e4 Nxd4 18. e5 Nb3 19. Rb1 Bb7 20. Bg2 a6 21.
Qd6 Nf5 22. Qxd8 Rfxd8 23. Rbd1 Nc5 24. g4 Ne7 25. Rd6 Nd3 26. Re2 Bxf3 27. Bxf3 Nxb2 28.
Rxd8+ Rxd8 29. Rxb2 Bxe5 30. Re2 f6 31. Na4 b5 32.
Nc5 a5 33. g5 Kf7 34. Bg4 Rd4 35. Be6+ Kg7 36. gxf6+ Kxf6 37. Bh3 Nf5 38. Ne4+ Ke7 39. Nc3 Kf6 40. Nxb5 Rd1+ 41. Kg2 Nh4# 0-1